 Dungeon Crawl Stone Soup version 0.14-a0-2001-g390038d (webtiles) character file.

127 Kae the Firebug (level 3, -2/19 HPs)
             Began as a Tengu Fire Elementalist on Jan 18, 2014.
             Slain by a jackal (3 damage)
             ... on Level 2 of the Dungeon.
             The game lasted 00:01:12 (1394 turns).

Kae the Firebug (Tengu Fire Elementalist)           Turns: 1394, Time: 00:01:13

HP  -2/19        AC  2     Str  8      XL: 3   Next: 39%
MP   2/7         EV 12     Int 16      God:
Gold 90          SH  0     Dex 14      Spells:  1 memorised,  5 levels left

rFire  . . .     SeeInvis .     j - +4,+2 elf dagger (elec)
rCold  . . .     Clarity  .     a - +0 robe
rNeg   . . .     Conserve .     (no shield)
rPois  .         rCorr    .     (helmet restricted)
rElec  .         rRot     .     (no cloak)
SustAb . .       Spirit   .     (no gloves)
rMut   .         Warding  .     (boots unavailable)
Saprov . . .     Stasis   .     (no amulet)
MR     .....                    (no ring)
                                (no ring)

@: not resistant to hostile enchantments, fairly stealthy
A: beak, talons 3
a: no special abilities


You were on level 2 of the Dungeon.
You were not hungry.

You visited 1 branch of the dungeon, and saw 2 of its levels.

You collected 90 gold pieces.

Inventory:

Hand weapons
 j - a +4,+2 elven dagger of electrocution (weapon)
Armour
 a - a +0 robe (worn)
Comestibles
 c - 2 bread rations
Scrolls
 e - a scroll of noise {unknown}
 f - a scroll of teleportation {unknown}
 g - a scroll of remove curse {unknown}
 h - a scroll of recharging {unknown}
 k - a scroll of curse armour {unknown}
 m - 2 scrolls of identify {unknown}
 n - a scroll of blinking {unknown}
 p - a scroll of fear {unknown}
Potions
 d - 2 potions of curing
 i - a potion of restore abilities {unknown}
 l - 2 potions of heal wounds {unknown}
Books
 b - a book of Flames

   Spells                             Type                      Level
   *Flame Tongue                      Conjuration/Fire             1
   Throw Flame                        Conjuration/Fire             2
   Conjure Flame                      Conjuration/Fire             3
   Inner Flame                        Hexes/Fire                   3
   Sticky Flame                       Conjuration/Fire             4
   Fireball                           Conjuration/Fire             5


   Skills:
 - Level 2.1 Dodging
 - Level 2.0 Stealth
 - Level 2.0 Spellcasting
 * Level 3.1 Conjurations
 * Level 4.1 Fire Magic


You had 5 spell levels left.
You knew the following spells:

 Your Spells              Type           Power        Failure   Level  Hunger
a - Flame Tongue          Conj/Fire      ##...        6%          1    #......


Dungeon Overview and Level Annotations

Branches:
Dungeon (2/16)

Altars:


Innate Abilities, Weirdness & Mutations

You have a beak for a mouth.
You have claws for feet.


Message History

Aim: a jackal The flame misses the jackal.
The jackal bites you but does no damage.
The jackal barely misses you. The jackal bites you.
Casting: Flame Tongue
Confirm with . or Enter, or press ? or * to list all spells.
Aiming: Flame Tongue
Press: ? - help, Shift-Dir - straight line, f/p - jackal
Aim: a jackal The flame hits the jackal.
The jackal appears unharmed.
The jackal bites you.
* * * LOW HITPOINT WARNING * * *
The jackal closely misses you. The jackal bites you.
* * * LOW HITPOINT WARNING * * *
Casting: Flame Tongue
Confirm with . or Enter, or press ? or * to list all spells.
Aiming: Flame Tongue
Press: ? - help, Shift-Dir - straight line, f/p - jackal
Aim: a jackal The flame misses the jackal.
The jackal bites you.
You die...

.....##..'.........#
.....#####.........# .#####
#.........# .# #######'### .##
##.....# ..# #..#####
######### #.#
##.#########......... #'###
####.......##.gh........
....###.........@#.h#.........
....'...##......hh.##........
....######.......####........
....# #.......# #........
#+### ####.#### #####+## #.#
#.# #.# #.# #.# #.# #'### #.##


You could see 2 jackals.

Vanquished Creatures
  An adder (D:2)
  A giant gecko (D:1)
  A giant cockroach (D:2)
  7 jackals
  4 kobolds
  A quokka (D:2)
  4 bats
  3 giant newts (D:1)
  A goblin (D:2)
  2 rats (D:2)
25 creatures vanquished.

Notes
Turn   | Place    | Note
--------------------------------------------------------------
     0 | D:1      | Kae, the Tengu Fire Elementalist, began the quest for the Orb.
     0 | D:1      | Reached XP level 1. HP: 10/10 MP: 3/3
   215 | D:1      | Reached XP level 2. HP: 13/15 MP: 0/5
   943 | D:2      | Reached skill level 4 in Fire Magic
   943 | D:2      | Reached XP level 3. HP: 15/19 MP: 7/7
  1394 | D:2      | Slain by a jackal

Action                   || total
-------------------------++-------
Melee: Unarmed           ||    21
       Dagger            ||    23
 Cast: Flame Tongue      ||    22
  Use: Potion            ||     1
